 Dungeon Crawl Stone Soup version 0.23.2-30-g0e89c35649 (webtiles) character file.

Game seed: 82766717330698572

9 doot the Caller (level 2, 0/15 HPs)
             Began as a Tengu Summoner on June 17, 2019.
             Slain by a kobold
             ... wielding a +3 whip
              (5 damage)
             ... on level 1 of the Dungeon.
             The game lasted 00:01:32 (456 turns).

doot the Caller (Tengu Summoner)                     Turns: 456, Time: 00:01:33

Health: 0/15       AC:  3    Str:  8    XL:     2   Next: 16%
Magic:  4/6        EV: 12    Int: 15    God:
Gold:   18         SH:  0    Dex: 14    Spells: 4/5 levels left

rFire    . . .     SeeInvis .   e - +0 short sword
rCold    . . .     Gourm    .   (no shield)
rNeg     . . .     Faith    .   a - +0 robe
rPois    .         Spirit   .   (helmet restricted)
rElec    .         Reflect  .   b - +0 cloak
rCorr    .         Harm     .   (no gloves)
MR       .....                  (boots unavailable)
Stlth    +.........             (no amulet)
HPRegen  0.05/turn              j - ring of attention (curse)
MPRegen  0.10/turn              (no ring)

@: no status effects
A: beak, talons 3
a: no special abilities


You were on level 1 of the Dungeon.
You were not hungry.

You visited 1 branch of the dungeon, and saw 1 of its levels.

You collected 18 gold pieces.

Inventory:

Hand Weapons
 d - a cursed +0 club
 e - a +0 short sword (weapon)
Armour
 a - a +0 robe (worn)
 b - a +0 cloak (worn)
Jewellery
 h - an uncursed ring of positive energy {unknown}
 j - a cursed ring of attention (left hand)
Scrolls
 g - a scroll of amnesia {unknown}
 i - a scroll of remove curse {unknown}
 k - a scroll of teleportation {unknown}
Comestibles
 c - a ration


   Skills:
 + Level 2.1 Dodging
 + Level 2.0 Stealth
 + Level 2.1 Spellcasting
 + Level 5.3 Summonings


You had 4 spell levels left.
You knew the following spells:

 Your Spells              Type           Power        Failure   Level  Hunger
a - Summon Small Mammal   Summ           ###.         2%          1    #......

Your spell library contained the following spells:

 Spells                   Type           Power        Failure   Level  Hunger
 Call Imp                 Summ           ###.....     3%          2    ###....
 Call Canine Familiar     Summ           ###.....     8%          3    ###....
 Summon Guardian Golem    Hex/Summ       #.......     22%         3    ###....
 Summon Ice Beast         Ice/Summ       #.......     58%         4    #####..
 Summon Lightning Spire   Summ/Air       #.......     58%         4    #####..


Dungeon Overview and Level Annotations

Branches:
Dungeon (1/15)

Altars:


Innate Abilities, Weirdness & Mutations

You have a beak for a mouth.
You have claws for feet.


Message History

A kobold is nearby!
All of the chunks of flesh in your inventory have rotted away.
A bat comes into view.
The kobold hits you with a +3 whip.
Found a ration.
You barely miss the kobold. Your kick misses the kobold.
The kobold barely misses you.
You barely miss the kobold. The kobold hits you with a +3 whip.
You closely miss the kobold. The kobold hits you with a +3 whip.
Casting: Summon Small Mammal (safe; 2% risk of failure)
Confirm with . or Enter, or press ? or * to list all spells.
The kobold hits you but does no damage.
You swap places.
The kobold hits your quokka with a +3 whip.
Your quokka dies!
Your quokka's corpse disappears in a puff of smoke!
Casting: Summon Small Mammal (safe; 2% risk of failure)
Confirm with . or Enter, or press ? or * to list all spells.
Your bat hits the kobold. The kobold hits you with a +3 whip.
You die...

....##.#
.##...##
####### # ### #
# #.. # #.##.##
# #
#(#...#####...%
# #...b.Kb....#
##
###..@#####.#
.# ##.## .# #.#
.# #.## .# #..#
.# ##.# .# #.#
.# #.# .# #.#


You could see a bat, a kobold and a friendly bat.

Vanquished Creatures
  2 goblins (D:1)
  3 jackals (D:1)
  2 rats (D:1)
7 creatures vanquished.

Vanquished Creatures (collateral kills)
  A hobgoblin (D:1)
  A frilled lizard (D:1)
2 creatures vanquished.

Grand Total: 9 creatures vanquished

Notes
Turn   | Place    | Note
-------+----------+-------------------------------------------
     0 | D:1      | doot the Tengu Summoner began the quest for the Orb.
     0 | D:1      | Reached XP level 1. HP: 10/10 MP: 4/4
   150 | D:1      | Reached skill level 5 in Summonings
   324 | D:1      | Reached XP level 2. HP: 15/15 MP: 6/6
   456 | D:1      | Slain by a kobold

Skill      XL: |  1 |
---------------+----+-----
Summonings     | 5 |  5.3
Dodging        | |  2.1
Stealth        | |  2.0
Spellcasting   | |  2.1

Action                   || total
-------------------------++-------
Melee: Unarmed           ||    10
       Peck              ||     5
       Short sword       ||     8
       Kick              ||     1
 Cast: Summon Small Mamm ||     4
 Stab: Sleeping          ||     1
Armor: Robe              ||     4
Dodge: Dodged            ||     8
